 Dungeon Crawl Stone Soup version 0.18.1-50-g88ac8fd (webtiles) character file.

291664 Woxaris the Slayer (level 19, -7/173 HPs)
             Began as a Minotaur Fighter on Oct 20, 2016.
             Was the Champion of the Shining One.
             Mangled by an acid blob (12 damage)
             ... on level 4 of the Pits of Slime.
             The game lasted 03:12:27 (42112 turns).

Woxaris the Slayer (Minotaur Fighter)              Turns: 42112, Time: 03:12:32

Health: -7/173     AC: 23    Str: 29    XL:     19   Next: 97%
Magic:  20/28      EV:  9    Int:  5    God:    the Shining One [******]
Gold:   1668       SH: 16    Dex: 27    Spells: 0 memorised, 18 levels left

rFire  . . .     SeeInvis .     X - +8 lance "Wyrmbane" {slay drac, +Rage rPois rF+ AC+5}
rCold  + . .     Gourm    .     m - +10 plate armour of the Prince {rF- Str+4 Dex+4}
rNeg   + + +     Faith    .     a - +3 warlock's mirror {reflect}
rPois  +         Spirit   .     B - +1 hat {rC+}
rElec  .         Dismiss  .     n - +2 cloak
rCorr  +         Reflect  +     A - +2 pair of gloves {Dex+3}
SustAt .         Harm     .     c - +1 pair of boots {Fly}
MR     ++...     Clarity  +     O - +4 amulet of reflection
Stlth  ..........               D - ring of resist corrosion
                                y - +6 ring of dexterity

@: about to teleport, corroded, flying, glowing, very resistant to hostile
enchantments, extremely unstealthy
A: retaliatory headbutt, horns 2, agile 1, berserk 2, clarity, frail 1, magic
resistance 1, weak 1, MP-powered wands, sturdy frame 2
a: Divine Shield, Cleansing Flame, Summon Divine Warrior, Brand Weapon With Holy
Wrath, Renounce Religion, Evoke Berserk Rage, Stop Flying
}: 2/15 runes: serpentine, barnacled


You were on level 4 of the Pits of Slime.
You worshipped the Shining One.
The Shining One was exalted by your worship.
You were not hungry.

You visited 7 branches of the dungeon, and saw 38 of its levels.
You also visited: Labyrinth and Ice Cave.

You collected 3206 gold pieces.
You spent 1538 gold pieces at shops.

Inventory:

Hand Weapons
 w - the +9 dire flail of Day {crush, rPois}
   (You bought it in a shop on level 7 of the Dungeon)

   It inflicts extra damage upon your enemies.
   It protects you from poison.
 z - a +5 flail of freezing
 X - the +8 lance "Wyrmbane" (weapon) {slay drac, +Rage rPois rF+ AC+5}
   (You found it on level 9 of the Dungeon)

   It affects your AC (+5).
   It protects you from fire.
   It protects you from poison.
   It lets you go berserk.
Missiles
 M - 46 javelins of penetration (quivered)
Armour
 a - the +3 warlock's mirror (worn) {reflect}
   (You acquired it on level 12 of the Dungeon)
 c - a +1 pair of boots of flying (worn)
 h - a +2 pair of boots
 m - the +10 plate armour of the Prince (worn) {rF- Str+4 Dex+4}
   (You found it on level 4 of the Lair of Beasts)

   It affects your strength (+4).
   It affects your dexterity (+4).
   It makes you vulnerable to fire.
 n - a +2 cloak (worn)
 A - a +2 pair of gloves of dexterity (worn)
 B - a +1 hat of cold resistance (worn)
Jewellery
 u - a +6 ring of evasion
 y - a +6 ring of dexterity (left hand)
 C - an uncursed ring of sustain attributes
 D - a ring of resist corrosion (right hand)
 G - an uncursed ring of protection from fire
 I - an uncursed ring of protection from cold
 O - a +4 amulet of reflection (around neck)
 R - an uncursed ring of protection from magic
 Y - the ring of Yendor {+Inv Int+2 Dex-3 Slay+3}
   (You found it on level 1 of the Snake Pit)

   [ring of slaying]

   It affects your intelligence (+2).
   It affects your dexterity (-3).
   It affects your accuracy and damage with ranged weapons and melee attacks
   (+3).
   It lets you turn invisible.
Wands
 d - a wand of heal wounds (0/9)
 k - a wand of paralysis (8/24)
 x - a wand of heal wounds (0/9)
 P - a wand of flame (48/48)
 V - a wand of digging (6/24)
Scrolls
 b - 3 scrolls of enchant weapon
 e - 3 scrolls of magic mapping
 o - 10 scrolls of remove curse
 p - 7 scrolls of teleportation
 q - 3 scrolls of identify
 v - 10 scrolls of fog
 F - 5 scrolls of recharging
 J - a scroll of amnesia
 T - 2 scrolls of summoning
 W - 4 scrolls of fear
Potions
 i - 3 potions of agility
 j - 7 potions of curing
 l - 2 potions of beneficial mutation
 t - 5 potions of haste
 E - 5 potions of resistance
 K - 2 potions of cure mutation
 Q - 3 potions of might
Comestibles
 f - 10 bread rations
 r - 8 fruits
 s - 10 meat rations
 H - a royal jelly
 S - 7 beef jerkies
 U - 11 slices of pizza


   Skills:
 + Level 22.8 Fighting
 - Level 15.2 Maces & Flails
 * Level 19.5 Polearms
 + Level 16.3 Armour
 + Level 11.8 Shields
 + Level 13.9 Invocations


You had 18 spell levels left.
You didn't know any spells.

Dungeon Overview and Level Annotations

Branches:
Dungeon (15/15)            Temple (1/1) D:4            Lair (8/8) D:10
 Shoals (4/4) Lair:5        Snake (4/4) Lair:4        Slime (4/6) Lair:8
    Orc (2/2) D:12            Elf (0/3) Orc:2        Vaults (0/5) D:14
 Depths (0/5) D:15

Altars:
Ashenzari
Cheibriados
Dithmenos
Elyvilon
Fedhas
Gozag
Kikubaaqudgha
Makhleb
Nemelex Xobeh
Okawaru
Pakellas
Qazlal
Ru
Sif Muna
Trog
Vehumet
Xom
Yredelemnul
Zin
The Shining One
Jiyva

Shops:
D:7 :?(%(   D:10 *   D:15 (?[*   Orc:2 ?:(*   Shoals:2 =   Shoals:3 :
Snake:1 %

Annotations:
D:10 exclusion: 2 obsidian statues
Shoals:1 1 runed door


Innate Abilities, Weirdness & Mutations

You reflexively headbutt those who attack you in melee.
You have a pair of horns on your head.
You are agile. (Dex +2)
You often lose your temper in combat.
You possess an exceptional clarity of mind.
You are frail (-10% HP).
You are resistant to hostile enchantments.
You are weak. (Str -2)
You expend magic power (3 MP) to strengthen your wands.
Your movements are less encumbered by armour (ER -4).


Message History

The acid blob resists with almost no effort.
The jelly looks frightened!
The acid blob resists with almost no effort.
Your angel hits the acid blob with a sacred scourge of holy wrath!!
Your angel is burned by acid!
Your angel hits the acid blob with a sacred scourge of holy wrath!
Your angel is burned by acid!
The acid blob spits acid at you. The splash of acid hits you!
The acid burns!
You resist.
* * * LOW HITPOINT WARNING * * *
The acid blob spits acid at you. The splash of acid hits you!
The acid corrodes you!
The acid burns!
You resist.
* * * LOW HITPOINT WARNING * * *
You block the acid blob's attack.
Your angel hits the acid blob with a sacred scourge of holy wrath!!
Your angel is burned by acid!
Your angel hits the acid blob with a sacred scourge of holy wrath.
Your angel is burned by acid!
The acid blob hits you!
You die...

.#........#..
#.#...........
.............
...........
##......#.#
###.J......##
##.....JA....#
#.....J@.....##
##....J.......#
#...#.J.......#
#.. #........##
#..
#..........# ##
.............
.............#
##.............
#..#..###.....


You could see 3 acid blobs, 2 jellies and a friendly angel.

Vanquished Creatures
  16 acid blobs
  Gastronok (Lair:3)
  A kraken (Shoals:1)
  Kirke (Snake:1)
  Polyphemus (Shoals:3)
  Frances (Shoals:2)
  Ilsuiw (Shoals:4)
  4 azure jellies
  12 greater nagas
  Louise (D:14)
  Maud (D:11)
  2 frost giants
  Aizul (Snake:1)
  A minotaur (Lab)
  13 merfolk impalers
  7 merfolk javelineers
  5 great orbs of eyes
  Harold (D:11)
  18 naga warriors
  9 hydras
  An ogre mage (D:15)
  A merfolk avatar (Shoals:4)
  A catoblepas (Shoals:3)
  14 anacondas
  2 merfolk aquamancers
  An alligator snapping turtle (Shoals:4)
  Erolcha (D:11)
  A satyr (Shoals:3)
  3 centaur warriors
  11 death yaks
  10 naga sharpshooters
  5 orc high priests (Orc:2)
  10 shock serpents
  3 salamander mystics
  A wizard (D:14)
  8 sea snakes
  2 unseen horrors
  10 naga ritualists
  22 harpies
  13 hill giants
  A necromancer (D:14)
  8 orc knights (Orc:2)
  3 deep elf magi
  7 mana vipers
  6 cyclopes
  2 ugly things
  10 fauns
  2 orc sorcerers (Orc:2)
  76 slime creatures
  10 manticores
  5 shining eyes
  15 salamanders
  11 griffons
  12 elephants
  An ice statue (IceCv)
  10 sirens
  2 guardian serpents (Snake:4)
  43 black mambas
  A torpor snail (shapeshifter) (D:15)
  A gargoyle (D:14)
  44 naga magi
  An eye of devastation (Slime:3)
  7 water nymphs
  16 spiny frogs
  A kobold demonologist (D:13)
  A yaktaur (D:15)
  8 komodo dragons
  39 merfolk
  2 tengu conjurers (D:15)
  3 two-headed ogres
  20 polar bears
  5 wind drakes
  6 trolls
  Prince Ribbit (D:8)
  14 blink frogs
  A giant leech (Lair:8)
  7 snapping turtles
  Grinder (D:4)
  6 water elementals
  59 yaks
  4 wyverns
  6 hogs
  A vampire (D:15)
  A human (D:8)
  A hungry ghost (D:10)
  5 golden eyes (Slime:1)
  3 basilisks
  11 vampire mosquitoes
  The ghost of Woxaris the Insei, an amateur OpTm (D:4)
  12 hippogriffs
  A mottled dragon (D:15)
  2 steam dragons
  3 wargs
  Menkaure (D:6)
  66 nagas
  A soldier ant (D:13)
  19 water moccasins
  11 porcupines
  7 ice beasts
  3 black bears (Lair:2)
  5 phantoms
  Duvessa (D:6)
  45 orc warriors
  3 sky beasts
  9 eyes of draining
  8 ogres
  11 wolves
  25 centaurs
  16 crocodiles
  36 giant frogs
  Dowan (D:6)
  A water moccasin zombie (D:9)
  A wyvern skeleton (D:10)
  3 scorpions
  22 killer bees
  11 wights
  5 howler monkeys
  5 electric eels
  A lava snake (Lair:5)
  7 crimson imps
  4 centaur zombies
  3 quasits (D:11)
  8 hounds
  25 orc priests
  6 centaur skeletons
  2 gnoll shamans
  35 jellies
  21 orc wizards
  3 giant frog skeletons
  10 iguanas
  11 worker ants
  2 hell rats (Lair:6)
  16 sheep
  A hound skeleton (D:5)
  9 gnolls
  108 river rats
  15 adders
  2 shadow imps
  12 white imps (Lair:7)
  4 oozes
  3 adder zombies
  2 adder skeletons
  4 dart slugs
  11 giant geckos
  112 orcs
  4 giant cockroaches
  4 goblins
  9 hobgoblins
  10 jackals
  7 kobolds
  6 quokkas
  3 ball pythons
  10 bats
  A giant gecko zombie (D:6)
  4 giant newts
  A quokka skeleton (D:3)
  A quokka zombie (D:8)
  14 rats
  A fungus (Lair:6)
  4 tentacles (Shoals:1)
1568 creatures vanquished.

Vanquished Creatures (collateral kills)
  4 slime creatures
4 creatures vanquished.

Vanquished Creatures (others)
  A merfolk javelineer (Shoals:3)
  A centaur warrior (D:15)
  A satyr (Shoals:3)
  2 death yaks (Lair:8)
  An ugly thing (D:11)
  A siren (Shoals:3)
  4 centaurs
  An orc priest (Orc:2)
  An orc wizard (Orc:2)
  2 river rats (Lair:8)
  An orc (Orc:2)
  5 fungi
  38 plants
  169 tentacle segments (Shoals:1)
228 creatures vanquished.

Grand Total: 1800 creatures vanquished

Notes
Turn   | Place    | Note
--------------------------------------------------------------
     0 | D:1      | Woxaris the Minotaur Fighter began the quest for the Orb.
     0 | D:1      | Reached XP level 1. HP: 19/19 MP: 0/0
    85 | D:1      | Reached skill level 4 in Fighting
    85 | D:1      | Reached XP level 2. HP: 19/27 MP: 1/1
   436 | D:1      | Reached XP level 3. HP: 34/34 MP: 2/2
   548 | D:2      | Reached skill level 5 in Fighting
   734 | D:2      | Reached XP level 4. HP: 42/42 MP: 3/3
  1216 | D:3      | Found an ancient bone altar of Kikubaaqudgha.
  1414 | D:3      | Found a white marble altar of Elyvilon.
  1797 | D:4      | Reached XP level 5. HP: 50/50 MP: 4/4
  1841 | D:4      | Noticed Grinder
  1842 | D:4      | Paralysed by Grinder for 2 turns
  1845 | D:4      | Paralysed by Grinder for 4 turns
  1852 | D:4      | Paralysed by Grinder for 2 turns
  1868 | D:4      | Killed Grinder
  1868 | D:4      | Reached skill level 7 in Fighting
  1868 | D:4      | Reached skill level 5 in Maces & Flails
  1868 | D:4      | Reached XP level 6. HP: 28/60 MP: 5/5
  2022 | D:4      | Found a glowing silver altar of Zin.
  2022 | D:4      | Found a deep blue altar of Sif Muna.
  2085 | D:4      | Found a staircase to the Ecumenical Temple.
  2143 | D:4      | Found a sparkling altar of Nemelex Xobeh.
  2234 | Temple   | Entered the Ecumenical Temple
  2325 | Temple   | Became a worshipper of the Shining One
  2363 | D:4      | Noticed Woxaris's ghost (amateur OpTm)
  2375 | D:4      | Killed Woxaris's ghost
  2375 | D:4      | Reached skill level 8 in Fighting
  2375 | D:4      | Reached XP level 7. HP: 68/68 MP: 6/6
  2443 | D:4      | Got a polished long sword
  2445 | D:4      | Identified the +6 long sword "Ifogolo" {vamp, rN+ MR+ Str+3} (You found it on level 4 of the Dungeon)
  2514 | D:5      | Entered Level 5 of the Dungeon
  2577 | D:5      | Was placed under penance by the Shining One
  2708 | D:5      | Was forgiven by the Shining One
  2857 | D:5      | Reached skill level 9 in Fighting
  2964 | D:5      | Reached * piety under the Shining One
  3378 | D:6      | Reached XP level 8. HP: 78/78 MP: 7/7
  3433 | D:6      | Noticed Menkaure
  3438 | D:6      | Killed Menkaure
  3451 | D:6      | Noticed Duvessa
  3452 | D:6      | Found a snail-covered altar of Cheibriados.
  3455 | D:6      | Noticed Dowan
  3461 | D:6      | Killed Duvessa
  3461 | D:6      | Reached skill level 10 in Fighting
  3469 | D:6      | Killed Dowan
  3569 | D:6      | Found a shattered altar of Ashenzari.
  3570 | D:6      | Found a radiant altar of Vehumet.
  3570 | D:6      | Found a shimmering altar of Xom.
  3581 | D:6      | Found an iron altar of Okawaru.
  3786 | D:6      | Found an opulent altar of Gozag.
  3790 | D:6      | Found a blossoming altar of Fedhas.
  3860 | D:6      | Reached skill level 11 in Fighting
  3867 | D:6      | Found a sparkling altar of Nemelex Xobeh.
  3912 | D:7      | Found Hutiaf's Book Boutique.
  3920 | D:7      | Reached XP level 9. HP: 83/89 MP: 8/8
  3935 | D:7      | Reached skill level 12 in Fighting
  4014 | D:7      | Found Foumauhivy's Antique Weapon Boutique.
  4024 | D:7      | Bought a pitted dire flail for 162 gold pieces
  4024 | D:7      | Identified the +9 dire flail of Day {crush, rPois} (You bought it in a shop on level 7 of the Dungeon)
  4113 | D:7      | Reached ** piety under the Shining One
  4157 | D:7      | Found Cani's Antique Weapon Boutique.
  4320 | D:7      | Found Feoblat's Magic Scroll Shop.
  4369 | D:7      | Found a radiant altar of Vehumet.
  4385 | D:7      | Found Voaloy's Food Boutique.
  4626 | D:8      | Reached skill level 13 in Fighting
  4650 | D:8      | Reached skill level 10 in Maces & Flails
  4753 | D:8      | Noticed Prince Ribbit
  4763 | D:8      | Killed Prince Ribbit
  4781 | D:8      | Reached *** piety under the Shining One
  4787 | D:8      | Found a sacrificial altar of Ru.
  4929 | D:8      | Reached XP level 10. HP: 91/102 MP: 9/9
  4938 | D:8      | Reached skill level 14 in Fighting
  5250 | D:9      | Gained mutation: You have sharp toenails. [mutagenic meat]
  5251 | D:9      | Gained mutation: You expend magic power (3 MP) to strengthen your wands. [mutagenic meat]
  5264 | D:9      | Gained mutation: Your body sometimes deteriorates upon taking damage. [mutagenic meat]
  5265 | D:9      | Gained mutation: You are agile. (Dex +2) [mutagenic meat]
  5267 | D:9      | Gained mutation: Your spells are a little harder to cast, but a little more powerful. [mutagenic meat]
  5340 | D:9      | Reached skill level 1 in Invocations
  5490 | D:10     | Entered Level 10 of the Dungeon
  5526 | D:10     | Noticed a hill giant
  5538 | D:10     | Killed a hill giant
  5542 | D:10     | Found a staircase to the Lair.
  5826 | D:10     | Noticed an obsidian statue
  5826 | D:10     | Noticed an obsidian statue
  5964 | D:10     | Found Wifott's Assorted Antiques.
  5974 | D:10     | Gained mutation: Your body often deteriorates upon taking damage. [potion of mutation]
  5975 | D:10     | Gained mutation: Your natural rate of healing is unusually fast. [potion of mutation]
  5986 | D:10     | Reached skill level 5 in Armour
  6107 | D:10     | Reached **** piety under the Shining One
  6266 | D:10     | Noticed a hill giant
  6272 | D:10     | Killed a hill giant
  6272 | D:10     | Reached skill level 15 in Fighting
  6457 | D:10     | Noticed a sixfirhy
  6457 | D:10     | Noticed a rust devil
  6458 | D:10     | Noticed a sixfirhy
  6476 | D:10     | Gained mutation: Armour fits poorly on your strangely shaped body. [a neqoxec]
  6621 | D:11     | Noticed a centaur warrior
  6630 | D:11     | Killed a centaur warrior
  6630 | D:11     | Reached XP level 11. HP: 104/112 MP: 12/12
  6645 | D:11     | Noticed Harold
  6659 | D:11     | Killed Harold
  6933 | D:11     | Noticed a hill giant
  6947 | D:11     | Killed a hill giant
  7520 | D:11     | Noticed Erolcha
  7528 | D:11     | Killed Erolcha
  7744 | D:11     | Found an oddly glowing altar of Pakellas.
  7744 | D:11     | Noticed an orange crystal statue
  7745 | D:11     | Noticed a green ugly thing
  7753 | D:11     | Killed a green ugly thing
  7966 | D:12     | Identified 3 scrolls of acquirement
  8017 | D:12     | Found a staircase to the Orcish Mines.
  8038 | D:12     | Noticed an unseen horror
  8046 | D:12     | Killed an unseen horror
  8048 | D:12     | Noticed Maud
  8053 | D:12     | Reached skill level 16 in Fighting
  8302 | D:11     | Killed Maud
  8370 | D:12     | Reached skill level 5 in Invocations
  8370 | D:12     | Reached XP level 12. HP: 120/122 MP: 14/14
  8932 | Lair:1   | Entered Level 1 of the Lair of Beasts
 10574 | Lair:3   | Noticed Gastronok
 10574 | Lair:3   | Reached ***** piety under the Shining One
 10640 | Lair:3   | Reached skill level 17 in Fighting
 10729 | Lair:3   | Killed Gastronok
 11132 | Lair:3   | Noticed an eight-headed hydra
 11139 | Lair:3   | Killed an eight-headed hydra
 11156 | Lair:3   | Reached XP level 13. HP: 115/133 MP: 16/16
 11552 | Lair:3   | Gained mutation: You heal very quickly. [potion of beneficial mutation]
 11557 | Lair:3   | Lost mutation: You heal very quickly. [potion of cure mutation]
 11557 | Lair:3   | Lost mutation: You have sharp toenails. [potion of cure mutation]
 11557 | Lair:3   | Lost mutation: You are agile. (Dex +2) [potion of cure mutation]
 11557 | Lair:3   | Lost mutation: Your body often deteriorates upon taking damage. [potion of cure mutation]
 11557 | Lair:3   | Lost mutation: Your body sometimes deteriorates upon taking damage. [potion of cure mutation]
 11557 | Lair:3   | Lost mutation: Your spells are a little harder to cast, but a little more powerful. [potion of cure mutation]
 11976 | Lair:4   | Reached skill level 15 in Maces & Flails
 12167 | Lair:4   | Got a scorched plate armour
 12178 | Lair:4   | Identified the +10 plate armour of the Prince {rF- Str+4 Dex+4} (You found it on level 4 of the Lair of Beasts)
 12196 | Lair:4   | Found a staircase to the Snake Pit.
 12266 | Lair:4   | Reached skill level 1 in Polearms
 13030 | Lair:5   | Reached skill level 18 in Fighting
 13263 | Lair:5   | Found a staircase to the Shoals.
 13421 | Lair:5   | Reached skill level 5 in Polearms
 13571 | Lair:5   | Reached skill level 10 in Armour
 13755 | Lair:5   | Found a shadowy altar of Dithmenos.
 14245 | Lair:6   | Got a polished spear
 14256 | Lair:6   | Found a labyrinth entrance.
 14264 | Lab      | Entered a labyrinth
 17191 | Lab      | Noticed a minotaur
 17203 | Lab      | Killed a minotaur
 17297 | Lair:6   | Identified the +3 spear "Ylevel" {holy, rF+ SInv} (You found it on level 6 of the Lair of Beasts)
 17811 | Lair:7   | Reached XP level 14. HP: 140/144 MP: 19/19
 18132 | Lair:7   | Found a frozen archway.
 18163 | IceCv    | Entered an ice cave
 18345 | IceCv    | Noticed a frost giant
 18364 | IceCv    | Killed a frost giant
 18371 | IceCv    | Reached skill level 19 in Fighting
 19700 | Lair:8   | Entered Level 8 of the Lair of Beasts
 19773 | Lair:8   | Reached ****** piety under the Shining One
 19815 | Lair:8   | Found a staircase to the Slime Pits.
 20433 | Lair:8   | Reached skill level 10 in Polearms
 20958 | D:13     | Reached XP level 15. HP: 146/154 MP: 21/21
 21057 | D:13     | Got a twisted dagger
 21058 | D:13     | Identified the +5 dagger of Hatocog {pain, +Blink +Inv rF++ Int-2} (You found it on level 13 of the Dungeon)
 21190 | D:13     | Gained mutation: You tend to lose your temper in combat. [mutagenic meat]
 21192 | D:13     | Lost mutation: Armour fits poorly on your strangely shaped body. [mutagenic meat]
 21193 | D:13     | Gained mutation: Your movements are slightly less encumbered by armour (ER -2). [mutagenic meat]
 21340 | D:13     | Found a basalt altar of Yredelemnul.
 21827 | D:14     | Gained mutation: Your movements are less encumbered by armour (ER -4). [mutagenic meat]
 22018 | D:14     | Found a glowing silver altar of Zin.
 22031 | D:14     | Noticed Louise
 22047 | D:14     | Killed Louise
 22177 | D:14     | Found a gate to the Vaults.
 22207 | D:15     | Entered Level 15 of the Dungeon
 22208 | D:15     | Found Cudeadue's Assorted Antiques.
 22482 | D:15     | Bought a polished trident for 297 gold pieces
 22482 | D:15     | Identified the +6 trident of Calamity {pain, *Confuse rF++ MR+ Int+3} (You bought it in a shop on level 15 of the Dungeon)
 22485 | D:15     | Found a viscous altar of Jiyva.
 22678 | D:15     | Found Winubium's Antique Armour Boutique.
 22729 | D:15     | Reached skill level 20 in Fighting
 22733 | D:15     | Found a staircase to the Depths.
 22733 | D:15     | Noticed a frost giant
 22744 | D:15     | Killed a frost giant
 22774 | D:15     | Found Gugemnic's Magic Scroll Boutique.
 22818 | D:15     | Reached skill level 10 in Invocations
 22864 | D:15     | Found Reekebol's Antique Weapon Shop.
 23550 | Snake:1  | Entered Level 1 of the Snake Pit
 24007 | Snake:1  | Found Vapiotu's Food Shoppe.
 24026 | Snake:1  | Bought a meat ration for 70 gold pieces
 24026 | Snake:1  | Bought a meat ration for 70 gold pieces
 24026 | Snake:1  | Bought a meat ration for 70 gold pieces
 24055 | Snake:1  | Got a pitted copper ring
 24056 | Snake:1  | Identified the ring of Yendor {+Inv Int+2 Dex-3 Slay+3} (You found it on level 1 of the Snake Pit)
 24072 | Snake:1  | Noticed Aizul
 24095 | Snake:1  | Killed Aizul
 24104 | Snake:1  | Lost mutation: Your natural rate of healing is unusually fast. [mutagenic meat]
 24105 | Snake:1  | Gained mutation: You are agile. (Dex +2) [mutagenic meat]
 24107 | Snake:1  | Gained mutation: You are resistant to hostile enchantments. [mutagenic meat]
 24108 | Snake:1  | Gained mutation: You possess an exceptional clarity of mind. [mutagenic meat]
 24332 | Snake:1  | Reached XP level 16. HP: 153/165 MP: 22/22
 24362 | Snake:1  | Noticed Kirke
 24366 | Snake:1  | Noticed a sphinx
 24381 | Snake:1  | Killed Kirke
 25966 | Snake:3  | Reached skill level 5 in Shields
 26111 | Snake:3  | Found a shattered altar of Ashenzari.
 26309 | Snake:3  | Reached skill level 21 in Fighting
 27080 | Snake:4  | Entered Level 4 of the Snake Pit
 27394 | Snake:4  | Reached XP level 17. HP: 127/173 MP: 24/24
 27680 | Snake:4  | Reached skill level 15 in Polearms
 29093 | Snake:4  | Got a serpentine rune of Zot
 29333 | Shoals:1 | Entered Level 1 of the Shoals
 29500 | Shoals:1 | Noticed a kraken
 29539 | Shoals:1 | Killed a kraken
 29748 | Shoals:1 | Found a runed door.
 30114 | Shoals:1 | Reached XP level 18. HP: 182/183 MP: 26/26
 30313 | Shoals:2 | Noticed Frances
 30326 | Shoals:2 | Killed Frances
 30943 | Shoals:2 | Found Adiblubb's Jewellery Emporium.
 30959 | Shoals:2 | Bought a +4 amulet of reflection for 325 gold pieces
 31467 | Shoals:2 | Identified Letotwum's Tome of Cloudy Combat Magic
 31544 | Shoals:3 | Got a fine cloak
 31545 | Shoals:3 | Identified the +2 cloak of the Other World {rElec Int-5 SInv} (You found it on level 3 of the Shoals)
 31591 | Shoals:3 | Noticed Polyphemus
 31626 | Shoals:3 | Killed Polyphemus
 32064 | Shoals:3 | Reached skill level 22 in Fighting
 32064 | Shoals:3 | Reached skill level 15 in Armour
 32110 | Shoals:3 | Found Bulidoj's Book Shoppe.
 32700 | Shoals:4 | Entered Level 4 of the Shoals
 32799 | Shoals:4 | Noticed Ilsuiw
 32884 | Shoals:4 | Killed Ilsuiw
 33599 | Shoals:4 | Got a twisted falchion
 33600 | Shoals:4 | Identified the +8 falchion "Jelly's Funeral" {pain, -Tele MP+9 Int+2} (You found it on level 4 of the Shoals)
 33688 | Shoals:4 | Reached skill level 10 in Shields
 34355 | Shoals:4 | Got a barnacled rune of Zot
 34907 | Orc:1    | Entered Level 1 of the Orcish Mines
 35020 | Orc:2    | Entered Level 2 of the Orcish Mines
 35093 | Orc:2    | Found a staircase to the Elven Halls.
 35308 | Orc:2    | Reached XP level 19. HP: 140/192 MP: 27/27
 35921 | Orc:2    | Found Jauhialoe's Antique Weapon Boutique.
 35922 | Orc:2    | Found Kailin's Book Shop.
 35922 | Orc:2    | Found Zupit's Magic Scroll Boutique.
 35923 | Orc:2    | Found Roczesea's General Store.
 35936 | Orc:2    | Bought 2 scrolls of summoning for 247 gold pieces
 35937 | Orc:2    | Bought a polished halberd for 297 gold pieces
 35937 | Orc:2    | Identified the +2 halberd of Disarray {freeze, Stlth+} (You bought it in a shop on level 2 of the Orcish Mines)
 36235 | Orc:1    | Found a bloodstained altar of Trog.
 36785 | Slime:1  | Entered Level 1 of the Pits of Slime
 39962 | Slime:3  | Gained mutation: You are weak. (Str -2) [a shining eye]
 39964 | Slime:3  | Gained mutation: You often lose your temper in combat. [a shining eye]
 39980 | Slime:3  | Gained mutation: You are frail (-10% HP). [a shining eye]
 40483 | Slime:3  | HP: 4/173 [titanic slime creature (58)]
 42112 | Slime:4  | HP: 8/173 [acid (8)]
 42112 | Slime:4  | Mangled by an acid blob

Skill      XL: |  1  2  3  4  5  6  7  8  9 10 11 12 13 14 15 16 17 18 19 |
---------------+----------------------------------------------------------+-----
Fighting       | 4 5 7 8 9 11 13 15 16 17 18 19 20 21 22 | 22.8
Maces & Flails | 3 4 5 6 7 8 10 12 13 14 15 | 15.2
Invocations    | 3 5 6 8 9 10 11 12 13 | 13.9
Armour         | 5 7 8 10 11 12 13 14 15 16 | 16.3
Polearms       | 6 10 12 14 16 18 19 | 19.5
Shields        | 6 8 10 11 | 11.8

Action                   |  1- 3 |  4- 6 |  7- 9 | 10-12 | 13-15 | 16-18 | 19-21 || total
-------------------------+-------+-------+-------+-------+-------+-------+-------++-------
Melee: Flail             |    91 |    97 |   120 |     3 |       |       |       ||   311
       Headbutt          |    10 |    22 |    45 |   144 |   513 |   376 |   302 ||  1412
       Long sword        |       |       |    11 |       |       |       |       ||    11
       Dire flail        |       |       |    73 |    54 |       |       |       ||   127
       Lance             |       |       |       |   592 |  1596 |  1987 |   817 ||  4992
       Kick              |       |       |       |     2 |       |       |       ||     2
Invok: Divine Shield     |       |       |       |     4 |     2 |     2 |     1 ||     9
       Cleansing Flame   |       |       |       |       |       |     3 |     8 ||    11
       Summon Divine War |       |       |       |       |       |       |     4 ||     4
Evoke: Wand              |       |       |       |       |       |     7 |     1 ||     8
  Use: Potion            |       |     2 |       |     8 |    10 |     3 |     7 ||    30
       Scroll            |       |       |     3 |    22 |    12 |    16 |     6 ||    59
 Stab: Distracted        |       |       |       |     1 |       |       |       ||     1
       Paralysed         |       |       |       |       |       |       |     1 ||     1
  Eat: Chunk             |       |     4 |     8 |    30 |    42 |    19 |     4 ||   107
       Fruit             |       |       |     1 |     1 |     4 |     4 |    10 ||    20
       Bread ration      |       |       |     1 |       |     1 |     3 |     1 ||     6
       Meat ration       |       |       |       |       |     1 |       |     1 ||     2
       Beef jerky        |       |       |       |       |     1 |       |       ||     1
       Pizza             |       |       |       |       |       |       |     2 ||     2
       Royal jelly       |       |       |       |       |       |       |     1 ||     1
Armor: Scale mail        |    45 |    33 |    72 |   185 |    11 |       |       ||   346
       Plate armour      |       |       |       |       |   661 |   672 |   249 ||  1582
Dodge: Dodged            |    37 |    45 |   127 |   348 |   604 |   282 |   100 ||  1543
Block: Shield            |    45 |    63 |    66 |   162 |       |       |       ||   336
       Buckler           |       |       |       |   161 |   506 |   616 |   324 ||  1607
       Reflection        |       |       |       |     1 |    51 |   105 |    21 ||   178
